 Dungeon Crawl Stone Soup version 0.31-a0-162-gc4c5a43528 (webtiles) character file.

Game seed: 7209221037009324287

12047 qw the Skirmisher (level 11, 0/106 HPs)
             Began as a Naga Hunter on June 12, 2023.
             Was an Elder of Okawaru.
             Slain by a skeletal warrior
             ... wielding a +0 trident
              (3 damage)
             ... on level 11 of the Dungeon.
             The game lasted 00:04:03 (8820 turns).

qw the Skirmisher (Naga Hunter)                     Turns: 8820, Time: 00:04:04

Health: 0/106      AC: 17    Str: 16    XL:     11   Next: 87%
Magic:  14/15      EV:  7    Int: 14    God:    Okawaru [****..]
Gold:   365        SH:  0    Dex: 17    Spells: 10/10 levels left

rFire   . . .        Y - +0 orcbow
rCold   + . .        (shield currently unavailable)
rNeg    + + +        j - +1 robe {rN+}
rPois   +            b - +0 helmet
rElec   .            (no cloak)
rCorr   .            a - +1 pair of gloves
SInv    +            m - +2 barding of Abstinence {rN+ Str+3 Stlth+}
Will    +....        h - amulet of faith
Stlth   ++++         g - ring of positive energy
HPRegen 1.17/turn    (no ring)
MPRegen 0.14/turn

%: faith
@: heroic, petrifying, very slow
A: AC +3, large, see invisible, deformed body, poison resistance, slowness 2,
spit poison 1, naga tail 1, clever 1, cold resistance 1, regeneration 1
a: Spit Poison, Renounce Religion, Heroism, Finesse


You were on level 11 of the Dungeon.
You worshipped Okawaru.
Okawaru was greatly pleased with you.
You visited 2 branches of the dungeon, and saw 12 of its levels.

You collected 572 gold pieces.
You spent 207 gold pieces at shops.


Innate Abilities, Weirdness & Mutations

Your serpentine skin is tough. (AC +3)
You have supernaturally acute eyesight. (SInv)
Armour fits poorly on your strangely shaped body.
Your system is resistant to poisons. (rPois)
You cover ground very slowly.
You can spit poison.
You have a snake-like lower body.
Your mind is acute. (Int +4, Str/Dex -1)
Your flesh is cold resistant. (rC+)
Your natural rate of healing is unusually fast.


   Skills:
 - Level 9.0(14.0) Fighting
 + Level 13.0(18.0) Ranged Weapons
 - Level 3.1(8.1) Armour
 - Level 5.3(10.3) Dodging
 - Level 1.5(6.5) Stealth
 + Level 5.8 Invocations


You had 10 spell levels left.
You didn't know any spells.
Your spell library was empty.

Inventory:

Hand Weapons
 n - a +0 sling of flaming
 Y - a +0 orcbow (weapon)
Armour
 a - a +1 pair of gloves (worn)
 b - a +0 helmet (worn)
 j - a +1 robe of positive energy (worn)
 m - the +2 barding of Abstinence (worn) {rN+ Str+3 Stlth+}
   (You found it on level 6 of the Dungeon)

   Str:       It affects your strength (+3).
   rN:        It protects you from negative energy.
   Stlth:     It makes you more stealthy.
Jewellery
 d - an amulet of regeneration
 g - a ring of positive energy (left hand)
 h - an amulet of faith (around neck)
Scrolls
 f - 8 scrolls of identify
Potions
 c - 2 potions of might
 e - 2 potions of haste
 i - 5 potions of curing
 k - 2 potions of mutation

Dungeon Overview and Level Annotations

Branches:
Dungeon (11/15)            Temple (1/1) D:7             Orc (0/2) D:9
   Lair: D:8-11

Altars:
Ashenzari
Cheibriados
Dithmenos
Elyvilon
Fedhas
Gozag
Hepliaklqana
Kikubaaqudgha
Makhleb
Nemelex Xobeh
Okawaru
Qazlal
Ru
Sif Muna
Trog
Uskayaw
Vehumet
Wu Jian
Xom
Yredelemnul
Zin
The Shining One

Shops:
D:1 ?   D:5 (*(=?   D:7 :

Annotations:
D:2 1 runed translucent door, Crazy Yiuf
D:5 2 runed translucent doors, qw's ghost, novice GrFi


Message History

The black bear is severely wounded.
The centaur misses you.
The centaur kicks you but does no damage.
The centaur hits you. The centaur misses you.
The skeletal warrior hits you from afar with a +0 trident!!
The elephant tramples you!
You hold your ground!
The elephant misses you.
You shoot an arrow. The arrow hits the cyclops!
The cyclops is moderately wounded.
The centaur hits you but does no damage.
The centaur kicks you but does no damage.
You shoot an arrow.
The arrow completely misses the cyclops.
The arrow hits the centaur.
The centaur is severely wounded.
The skeletal warrior misses you.
The skeletal warrior hits you but does no damage.
The elephant tramples you.
You stumble backwards!
The centaur wields a +0 shortbow.
The centaur shoots an arrow.
The arrow hits you but does no damage.
You shoot an arrow.
The arrow hits the elephant but does no damage.
The basilisk hisses menacingly.
The basilisk gazes at you.
You are slowing down.
The elephant tramples you!
You hold your ground!
The elephant barely misses you.
The centaur shoots an arrow.
The arrow completely misses you.
You shoot an arrow. The arrow hits the elephant!
The elephant is moderately wounded.
The centaur shoots an arrow.
The arrow hits you but does no damage.
The skeletal warrior hits you from afar with a +0 trident.
The basilisk bites you but does no damage.
The elephant closely misses you. The elephant barely misses you.
Your limbs are stiffening.
You shoot an arrow. The arrow barely misses the elephant.
The arrow hits the centaur.
The centaur is almost dead.
You have got your breath back.
The centaur shoots an arrow.
The arrow hits you.
The skeletal warrior hits you from afar with a +0 trident.
You die...

...... ### ......
##.. ./....
#...#####......
##............).
#..........<....
#....hcc......
#.....YC...... #
#....@l.......
.#.#.....zz......
.............###.
..............#
.#....#<......#
......[.........
................
................
...............


You could see an elephant, 2 skeletal warriors, a cyclops, a basilisk, a black
bear and 2 centaurs.

Vanquished Creatures
  Gastronok (D:8)
  A catoblepas (D:9)
  A two-headed ogre (D:10)
  A wizard (D:10)
  Joseph (D:8)
  An unseen horror (D:10)
  A kobold demonologist (D:9)
  A troll (D:9)
  Sigmund (D:2)
  A vampire (D:10)
  5 wyverns
  6 yaks (D:8)
  A shadow (D:9)
  5 humans (D:6)
  5 vampire mosquitoes (D:10)
  A steam dragon (D:6)
  Menkaure (D:4)
  Edmund (D:6)
  An acid dragon (D:10)
  2 water moccasins
  4 orc warriors (D:9)
  3 ice beasts
  A sky beast (D:7)
  3 black bears
  An ogre (D:5)
  A phantom (D:5)
  9 centaurs
  9 kobold brigands (D:9)
  A bullfrog (D:9)
  A gnoll sergeant (D:10)
  2 scorpions
  12 killer bees
  6 howler monkeys
  2 gnoll boudas
  A hound (D:4)
  A jelly (D:6)
  3 orc priests
  5 iguanas
  A sleepcap (D:8)
  Natasha (twice) (D:4)
  8 orc wizards
  5 adders
  14 gnolls
  A white imp (D:6)
  2 dart slugs
  17 orcs
  3 bats
  4 endoplasms
  A giant cockroach (D:2)
  8 goblins
  8 hobgoblins
  13 jackals
  2 quokkas
  12 ball pythons
  3 frilled lizards (D:1)
  21 kobolds
  11 rats
239 creatures vanquished.

Notes
Turn   | Place    | Note
-------+----------+-------------------------------------------
     0 | D:1      | qw the Naga Hunter began the quest for the Orb.
     0 | D:1      | Reached XP level 1. HP: 19/19 MP: 1/1
     0 | D:1      | 0 ||| qw: Version: 0.2-a-29-gc1b59c4
     0 | D:1      | 0 ||| qw: Game counter: 4322
     0 | D:1      | 0 ||| qw: Always use a shield: true
     0 | D:1      | 0 ||| qw: God list: Okawaru
     0 | D:1      | 0 ||| qw: Allow faded altars: false
     0 | D:1      | 0 ||| qw: Do Orc after D:15 true
     0 | D:1      | 0 ||| qw: Do second Lair branch before Depths: true
     0 | D:1      | 0 ||| qw: Lair rune preference: random
     0 | D:1      | 0 ||| qw: Plans: Normal
     0 | D:1      | 0 ||| PLANNING D:1-11
    16 | D:1      | 16 ||| INVOKING Spit Poison.
    36 | D:1      | 36 ||| INVOKING Spit Poison.
    42 | D:1      | 42 ||| INVOKING Spit Poison.
    45 | D:1      | 45 ||| INVOKING Spit Poison.
    50 | D:1      | 50 ||| INVOKING Spit Poison.
    53 | D:1      | 53 ||| INVOKING Spit Poison.
    54 | D:1      | Reached skill level 4 in Ranged Weapons
    54 | D:1      | Reached XP level 2. HP: 10/26 MP: 2/2
   136 | D:1      | 136 ||| INVOKING Spit Poison.
   142 | D:1      | 142 ||| INVOKING Spit Poison.
   147 | D:1      | 147 ||| INVOKING Spit Poison.
   197 | D:1      | 197 ||| INVOKING Spit Poison.
   203 | D:1      | 203 ||| INVOKING Spit Poison.
   209 | D:1      | 209 ||| INVOKING Spit Poison.
   271 | D:1      | 271 ||| INVOKING Spit Poison.
   283 | D:1      | 283 ||| INVOKING Spit Poison.
   286 | D:1      | 286 ||| INVOKING Spit Poison.
   296 | D:1      | 296 ||| INVOKING Spit Poison.
   301 | D:1      | 301 ||| INVOKING Spit Poison.
   303 | D:1      | Reached XP level 3. HP: 31/32 MP: 3/3
   304 | D:1      | 304 ||| INVOKING Spit Poison.
   313 | D:1      | 313 ||| INVOKING Spit Poison.
   318 | D:1      | 318 ||| INVOKING Spit Poison.
   322 | D:1      | 322 ||| INVOKING Spit Poison.
   344 | D:1      | 344 ||| INVOKING Spit Poison.
   381 | D:1      | 381 ||| INVOKING Spit Poison.
   419 | D:1      | Found Worr's Magic Scroll Boutique.
   422 | D:1      | 422 ||| SHOPLISTING 3 scrolls of teleportation (99 gold,
                  | have 27).
   422 | D:1      | 422 ||| SHOPLISTING scroll of brand weapon (104 gold, have
                  | 27).
   422 | D:1      | 422 ||| SHOPLISTING scroll of enchant weapon (82 gold, have
                  | 27).
   422 | D:1      | 422 ||| BUYING scroll of identify (22 gold).
   422 | D:1      | Bought a scroll of identify for 22 gold pieces
   510 | D:1      | 510 ||| READING scroll labelled WELATS KESUA.
   511 | D:1      | 511 ||| READING scroll labelled HAUP HUDUU.
   512 | D:1      | 512 ||| READING 2 scrolls of identify.
   512 | D:1      | 512 ||| IDENTIFYING emerald potion
   513 | D:1      | 513 ||| DROPPING scroll of butterflies.
   550 | D:2      | 550 ||| INVOKING Spit Poison.
   554 | D:2      | 554 ||| INVOKING Spit Poison.
   556 | D:2      | 556 ||| STAIRDANCE
   558 | D:1      | 558 ||| INVOKING Spit Poison.
   577 | D:2      | 577 ||| INVOKING Spit Poison.
   578 | D:2      | 578 ||| STAIRDANCE
   582 | D:1      | 582 ||| INVOKING Spit Poison.
   587 | D:1      | 587 ||| INVOKING Spit Poison.
   690 | D:2      | 690 ||| INVOKING Spit Poison.
   691 | D:2      | Reached skill level 5 in Ranged Weapons
   696 | D:2      | Identified the +9 sling of Evil {drain, SInv}
   698 | D:2      | 698 ||| SWAPPING to +9 sling of Evil {drain, SInv}.
   699 | D:2      | 699 ||| DROPPING +0 shortbow.
   725 | D:2      | Reached XP level 4. HP: 39/39 MP: 4/4
   727 | D:2      | Noticed Sigmund
   728 | D:2      | 728 ||| INVOKING Spit Poison.
   730 | D:2      | Killed Sigmund
   731 | D:2      | Reached XP level 5. HP: 51/51 MP: 5/5
   748 | D:2      | 748 ||| INVOKING Spit Poison.
   759 | D:2      | 759 ||| INVOKING Spit Poison.
   789 | D:2      | Reached XP level 6. HP: 58/58 MP: 6/6
   822 | D:2      | Found a sacrificial altar of Ru.
   870 | D:2      | 870 ||| INVOKING Spit Poison.
   921 | D:2      | Found a runed translucent door.
   922 | D:2      | Noticed Crazy Yiuf
  1130 | D:2      | 1130 ||| UPGRADING to +1 robe of positive energy.
  1140 | D:2      | 1140 ||| DROPPING +0 leather armour.
  1141 | D:2      | 1141 ||| UPGRADING to amulet of guardian spirit.
  1146 | D:2      | 1146 ||| UPGRADING to amulet of faith.
  1156 | D:2      | 1156 ||| DROPPING amulet of guardian spirit.
  1157 | D:2      | 1157 ||| READING scroll labelled NYUSOC VAIDDIM.
  1158 | D:2      | 1158 ||| READING scroll labelled MASCHA IL BYBAY.
  1278 | D:3      | Noticed an ice beast
  1282 | D:3      | Killed an ice beast
  1289 | D:3      | 1289 ||| Stepping ~*~*~tactically~*~*~ (outnumbered).
  1291 | D:3      | 1291 ||| Stepping ~*~*~tactically~*~*~ (outnumbered).
  1292 | D:3      | 1292 ||| INVOKING Spit Poison.
  1295 | D:3      | 1295 ||| INVOKING Spit Poison.
  1300 | D:3      | 1300 ||| INVOKING Spit Poison.
  1303 | D:3      | Reached skill level 6 in Ranged Weapons
  1457 | D:3      | 1457 ||| INVOKING Spit Poison.
  1461 | D:3      | 1461 ||| INVOKING Spit Poison.
  1463 | D:3      | Reached XP level 7. HP: 66/66 MP: 7/7
  1531 | D:3      | Found a sparkling altar of Nemelex Xobeh.
  1549 | D:3      | Found a glowing silver altar of Zin.
  1650 | D:3      | 1650 ||| INVOKING Spit Poison.
  1681 | D:3      | 1681 ||| INVOKING Spit Poison.
  1812 | D:3      | 1812 ||| INVOKING Spit Poison.
  1911 | D:3      | Found an ornate altar of the Wu Jian Council.
  2150 | D:3      | 2150 ||| UPGRADING to +0 pair of gloves.
  2155 | D:3      | 2155 ||| UPGRADING to +0 helmet.
  2160 | D:3      | 2160 ||| READING 2 scrolls of identify.
  2160 | D:3      | 2160 ||| IDENTIFYING lumpy orange potion
  2161 | D:3      | 2161 ||| DROPPING potion of brilliance.
  2308 | D:4      | 2308 ||| INVOKING Spit Poison.
  2311 | D:4      | 2311 ||| INVOKING Spit Poison.
  2322 | D:4      | 2322 ||| STAIRDANCE
  2326 | D:4      | 2326 ||| STAIRDANCE
  2330 | D:4      | 2330 ||| STAIRDANCE
  2334 | D:4      | 2334 ||| STAIRDANCE
  2338 | D:4      | 2338 ||| STAIRDANCE
  2342 | D:4      | 2342 ||| STAIRDANCE
  2346 | D:4      | 2346 ||| STAIRDANCE
  2350 | D:4      | 2350 ||| STAIRDANCE
  2354 | D:4      | 2354 ||| STAIRDANCE
  2358 | D:4      | 2358 ||| STAIRDANCE
  2362 | D:4      | 2362 ||| STAIRDANCE
  2366 | D:4      | 2366 ||| STAIRDANCE
  2370 | D:4      | 2370 ||| STAIRDANCE
  2374 | D:4      | 2374 ||| STAIRDANCE
  2378 | D:4      | 2378 ||| STAIRDANCE
  2382 | D:4      | 2382 ||| STAIRDANCE
  2386 | D:4      | 2386 ||| STAIRDANCE
  2390 | D:4      | 2390 ||| STAIRDANCE
  2394 | D:4      | 2394 ||| STAIRDANCE
  2398 | D:4      | 2398 ||| STAIRDANCE
  2409 | D:4      | 2409 ||| INVOKING Spit Poison.
  2414 | D:4      | 2414 ||| INVOKING Spit Poison.
  2419 | D:4      | 2419 ||| INVOKING Spit Poison.
  2448 | D:4      | 2448 ||| INVOKING Spit Poison.
  2499 | D:4      | Found a bloodstained altar of Trog.
  2503 | D:4      | 2503 ||| INVOKING Spit Poison.
  2509 | D:4      | 2509 ||| INVOKING Spit Poison.
  2512 | D:4      | Reached skill level 7 in Ranged Weapons
  2565 | D:4      | 2565 ||| INVOKING Spit Poison.
  2590 | D:4      | Noticed Menkaure
  2591 | D:4      | 2591 ||| INVOKING Spit Poison.
  2598 | D:4      | 2598 ||| INVOKING Spit Poison.
  2601 | D:4      | 2601 ||| INVOKING Spit Poison.
  2607 | D:4      | Killed Menkaure
  2608 | D:4      | Reached XP level 8. HP: 21/73 MP: 8/8
  2787 | D:4      | Noticed Natasha
  2788 | D:4      | 2788 ||| INVOKING Spit Poison.
  2793 | D:4      | 2793 ||| INVOKING Spit Poison.
  2798 | D:4      | Killed Natasha
  2843 | D:4      | 2843 ||| INVOKING Spit Poison.
  2869 | D:4      | Found a hide-covered altar of Uskayaw.
  2887 | D:4      | 2887 ||| INVOKING Spit Poison.
  2939 | D:4      | 2939 ||| DRINKING 2 smoky black potions.
  2940 | D:4      | 2940 ||| DRINKING 2 purple potions.
  2940 | D:4      | Gained mutation: Your mind is acute. (Int +4, Str/Dex -1)
                  | [potion of mutation]
  2940 | D:4      | Gained mutation: Your flesh is cold resistant. (rC+)
                  | [potion of mutation]
  2940 | D:4      | Gained mutation: Your natural rate of healing is unusually
                  | fast. [potion of mutation]
  2941 | D:4      | 2941 ||| READING 8 scrolls of identify.
  2941 | D:4      | 2941 ||| IDENTIFYING green potion
  2942 | D:4      | 2942 ||| READING 7 scrolls of identify.
  2942 | D:4      | 2942 ||| IDENTIFYING inky potion
  2943 | D:4      | 2943 ||| DROPPING potion of enlightenment.
  2949 | D:3      | Found a sacrificial altar of Ru.
  2999 | D:4      | Noticed Natasha
  3000 | D:4      | 3000 ||| INVOKING Spit Poison.
  3001 | D:4      | Killed Natasha
  3019 | D:4      | 3019 ||| INVOKING Spit Poison.
  3148 | D:4      | Reached skill level 8 in Ranged Weapons
  3170 | D:4      | 3170 ||| INVOKING Spit Poison.
  3209 | D:4      | Found a white marble altar of Elyvilon.
  3214 | D:4      | 3214 ||| READING 7 scrolls of identify.
  3214 | D:4      | 3214 ||| IDENTIFYING sedimented orange potion
  3215 | D:4      | 3215 ||| DROPPING potion of invisibility.
  3234 | D:5      | Entered Level 5 of the Dungeon
  3235 | D:5      | 3235 ||| Stepping ~*~*~tactically~*~*~ (outnumbered).
  3236 | D:5      | 3236 ||| INVOKING Spit Poison.
  3239 | D:5      | 3239 ||| INVOKING Spit Poison.
  3243 | D:5      | 3243 ||| INVOKING Spit Poison.
  3249 | D:5      | 3249 ||| INVOKING Spit Poison.
  3336 | D:5      | 3336 ||| INVOKING Spit Poison.
  3391 | D:5      | 3391 ||| INVOKING Spit Poison.
  3395 | D:5      | 3395 ||| INVOKING Spit Poison.
  3462 | D:5      | Found Aboro's Magic Scroll Shoppe.
  3470 | D:5      | 3470 ||| BUYING 2 scrolls of teleportation (84 gold).
  3470 | D:5      | Bought 2 scrolls of teleportation for 84 gold pieces
  3470 | D:5      | 3470 ||| BUYING scroll of identify (28 gold).
  3470 | D:5      | Bought a scroll of identify for 28 gold pieces
  3470 | D:5      | 3470 ||| BUYING scroll of identify (28 gold).
  3470 | D:5      | Bought a scroll of identify for 28 gold pieces
  3470 | D:5      | 3470 ||| SHOPLISTING scroll of identify (28 gold, have 18).
  3470 | D:5      | 3470 ||| SHOPLISTING scroll of teleportation (42 gold, have
                  | 18).
  3540 | D:5      | Reached skill level 9 in Ranged Weapons
  3612 | D:5      | Found Ekhlog's Weapon Shop.
  3689 | D:5      | Found Apsozyloblod's Jewellery Emporium.
  3697 | D:5      | 3697 ||| SHOPLISTING +4 ring of protection (540 gold, have
                  | 48).
  3697 | D:5      | 3697 ||| SHOPLISTING +5 ring of evasion (540 gold, have
                  | 48).
  3697 | D:5      | 3697 ||| SHOPLISTING +6 ring of dexterity (540 gold, have
                  | 48).
  3697 | D:5      | 3697 ||| SHOPLISTING amulet of reflection (450 gold, have
                  | 48).
  3697 | D:5      | 3697 ||| SHOPLISTING amulet of the Present {-Tele rC++
                  | Regen+} (712 gold, have 48).
  3697 | D:5      | 3697 ||| SHOPLISTING ring of resist corrosion (300 gold,
                  | have 48).
  3697 | D:5      | 3697 ||| SHOPLISTING ring of willpower (375 gold, have 48).
  3703 | D:5      | Found Welool's Antique Weapon Emporium.
  3710 | D:5      | 3710 ||| SHOPLISTING orcbow (80 gold, have 48).
  3759 | D:5      | Found Ohyc's Assorted Antiques.
  3763 | D:5      | 3763 ||| BUYING pink potion (21 gold).
  3763 | D:5      | Bought a pink potion for 21 gold pieces
  3763 | D:5      | 3763 ||| BUYING scroll labelled CELAUZX REYX (24 gold).
  3763 | D:5      | Bought a scroll labelled CELAUZX REYX for 24 gold pieces
  3763 | D:5      | 3763 ||| SHOPLISTING scroll of identify (48 gold, have 3).
  3782 | D:5      | Found a large runed translucent door.
  3782 | D:5      | Found a large runed translucent door.
  3786 | D:5      | Noticed qw's ghost (novice GrFi)
  4052 | D:5      | 4052 ||| READING scroll labelled EGEWOI WU YVOI.
  4053 | D:5      | 4053 ||| READING scroll labelled CELAUZX REYX.
  4154 | D:5      | 4154 ||| READING 8 scrolls of identify.
  4154 | D:5      | 4154 ||| IDENTIFYING ruby potion
  4155 | D:5      | 4155 ||| READING 7 scrolls of identify.
  4155 | D:5      | 4155 ||| IDENTIFYING amethyst potion
  4156 | D:5      | 4156 ||| READING 6 scrolls of identify.
  4156 | D:5      | 4156 ||| IDENTIFYING pink potion
  4157 | D:5      | 4157 ||| DROPPING potion of magic.
  4158 | D:5      | 4158 ||| DROPPING potion of degeneration.
  4201 | D:6      | Found a radiant altar of Vehumet.
  4223 | D:6      | 4223 ||| INVOKING Spit Poison.
  4228 | D:6      | Reached skill level 1 in Armour
  4239 | D:6      | Identified the +2 barding of Abstinence {rN+ Str+3 Stlth+}
  4299 | D:6      | 4299 ||| INVOKING Spit Poison.
  4364 | D:6      | Noticed Edmund
  4365 | D:6      | 4365 ||| INVOKING Spit Poison.
  4369 | D:6      | 4369 ||| INVOKING Spit Poison.
  4374 | D:6      | 4374 ||| INVOKING Spit Poison.
  4379 | D:6      | 4379 ||| INVOKING Spit Poison.
  4383 | D:6      | Killed Edmund
  4384 | D:6      | Reached skill level 6 in Fighting
  4384 | D:6      | Reached XP level 9. HP: 72/82 MP: 9/9
  4412 | D:6      | 4412 ||| INVOKING Spit Poison.
  4534 | D:6      | Reached skill level 3 in Dodging
  4541 | D:6      | 4541 ||| INVOKING Spit Poison.
  4546 | D:6      | 4546 ||| INVOKING Spit Poison.
  4551 | D:6      | 4551 ||| INVOKING Spit Poison.
  4557 | D:6      | 4557 ||| INVOKING Spit Poison.
  4565 | D:6      | 4565 ||| INVOKING Spit Poison.
  4567 | D:6      | Reached skill level 10 in Ranged Weapons
  4609 | D:6      | 4609 ||| INVOKING Spit Poison.
  4713 | D:6      | 4713 ||| INVOKING Spit Poison.
  4927 | D:6      | 4927 ||| UPGRADING to +2 barding of Abstinence {rN+ Str+3
                  | Stlth+}.
  4932 | D:6      | 4932 ||| READING scroll labelled PEMOGH PIERYPHEPE.
  5068 | D:7      | 5068 ||| INVOKING Spit Poison.
  5103 | D:7      | 5103 ||| INVOKING Spit Poison.
  5113 | D:7      | Found Plog's Book Shop.
  5224 | D:7      | Found a staircase to the Ecumenical Temple.
  5225 | D:7      | 5225 ||| PLANNING TEMPLE
  5231 | Temple   | Entered the Ecumenical Temple
  5233 | Temple   | 5233 ||| PLANNING OKAWARU WORSHIP
  5266 | Temple   | Became a worshipper of Warmaster Okawaru
  5266 | Temple   | 5266 ||| PLANNING D:1-11
  5280 | D:7      | 5280 ||| INVOKING Spit Poison.
  5285 | D:7      | 5285 ||| INVOKING Spit Poison.
  5316 | D:7      | 5316 ||| INVOKING Spit Poison.
  5338 | D:7      | 5338 ||| INVOKING Spit Poison.
  5346 | D:7      | 5346 ||| INVOKING Spit Poison.
  5351 | D:7      | 5351 ||| INVOKING Spit Poison.
  5404 | D:7      | 5404 ||| INVOKING Spit Poison.
  5407 | D:7      | Reached XP level 10. HP: 94/94 MP: 10/10
  5587 | D:7      | 5587 ||| READING scroll of enchant armour.
  5587 | D:7      | 5587 ||| ENCHANTING +0 pair of gloves.
  5675 | D:8      | 5675 ||| INVOKING Spit Poison.
  5677 | D:8      | Reached skill level 11 in Ranged Weapons
  5735 | D:8      | Noticed Gastronok
  5737 | D:8      | 5737 ||| INVOKING Spit Poison.
  5744 | D:8      | 5744 ||| INVOKING Spit Poison.
  5751 | D:8      | 5751 ||| INVOKING Spit Poison.
  5752 | D:8      | Killed Gastronok
  5752 | D:8      | Reached * piety under Okawaru
  5758 | D:8      | Noticed Joseph
  5762 | D:8      | 5762 ||| INVOKING Spit Poison.
  5768 | D:8      | 5768 ||| INVOKING Spit Poison.
  5768 | D:8      | Killed Joseph
  5769 | D:8      | Reached skill level 1 in Invocations
  5868 | D:8      | 5868 ||| INVOKING Spit Poison.
  5889 | D:8      | 5889 ||| INVOKING Spit Poison.
  5929 | D:8      | Reached ** piety under Okawaru
  6002 | D:8      | 6002 ||| SWAPPING to +0 orcbow.
  6003 | D:8      | 6003 ||| DROPPING +9 sling of Evil {drain, SInv}.
  6221 | D:8      | 6221 ||| INVOKING Spit Poison.
  6225 | D:8      | 6225 ||| INVOKING Spit Poison.
  6230 | D:8      | 6230 ||| INVOKING Spit Poison.
  6233 | D:8      | 6233 ||| INVOKING Heroism.
  6239 | D:8      | Reached skill level 3 in Invocations
  6239 | D:8      | 6239 ||| INVOKING Spit Poison.
  6245 | D:8      | 6245 ||| INVOKING Spit Poison.
  6254 | D:8      | 6254 ||| INVOKING Heroism.
  6255 | D:8      | 6255 ||| INVOKING Spit Poison.
  6255 | D:8      | HP: 21/96 [yak (7)]
  6256 | D:8      | 6256 ||| READING 3 scrolls of teleportation.
  6257 | D:8      | 6257 ||| DRINKING potion of heal wounds.
  6258 | D:8      | 6258 ||| INVOKING Spit Poison.
  6319 | D:8      | 6319 ||| INVOKING Spit Poison.
  6327 | D:8      | 6327 ||| INVOKING Spit Poison.
  6332 | D:8      | 6332 ||| INVOKING Spit Poison.
  6337 | D:8      | 6337 ||| INVOKING Spit Poison.
  6509 | D:8      | Found a shadowy altar of Dithmenos.
  6616 | D:8      | 6616 ||| READING scroll labelled TIBUEMN VEUFF.
  6670 | D:9      | 6670 ||| INVOKING Spit Poison.
  6674 | D:9      | 6674 ||| INVOKING Spit Poison.
  6790 | D:9      | 6790 ||| INVOKING Spit Poison.
  6792 | D:9      | Reached *** piety under Okawaru
  6795 | D:9      | 6795 ||| INVOKING Spit Poison.
  6798 | D:9      | 6798 ||| INVOKING Heroism.
  6804 | D:9      | 6804 ||| INVOKING Spit Poison.
  6813 | D:9      | 6813 ||| INVOKING Spit Poison.
  6816 | D:9      | 6816 ||| INVOKING Heroism.
  6818 | D:9      | 6818 ||| INVOKING Spit Poison.
  6822 | D:9      | 6822 ||| INVOKING Spit Poison.
  6824 | D:9      | Reached XP level 11. HP: 38/103 MP: 11/14
  6845 | D:9      | 6845 ||| INVOKING Heroism.
  6886 | D:9      | 6886 ||| INVOKING Spit Poison.
  6893 | D:9      | 6893 ||| INVOKING Spit Poison.
  6899 | D:9      | 6899 ||| INVOKING Spit Poison.
  6905 | D:9      | 6905 ||| INVOKING Spit Poison.
  6913 | D:9      | 6913 ||| INVOKING Spit Poison.
  6920 | D:9      | 6920 ||| INVOKING Spit Poison.
  6923 | D:9      | 6923 ||| INVOKING Spit Poison.
  6926 | D:9      | 6926 ||| INVOKING Spit Poison.
  6928 | D:9      | Reached skill level 12 in Ranged Weapons
  6930 | D:9      | 6930 ||| INVOKING Spit Poison.
  6936 | D:9      | 6936 ||| INVOKING Spit Poison.
  6939 | D:9      | 6939 ||| INVOKING Spit Poison.
  6948 | D:9      | 6948 ||| INVOKING Spit Poison.
  6967 | D:9      | 6967 ||| INVOKING Spit Poison.
  6973 | D:9      | 6973 ||| INVOKING Spit Poison.
  6976 | D:9      | Reached skill level 3 in Armour
  6981 | D:9      | 6981 ||| INVOKING Spit Poison.
  6985 | D:9      | 6985 ||| INVOKING Spit Poison.
  7009 | D:9      | 7009 ||| INVOKING Spit Poison.
  7017 | D:9      | 7017 ||| INVOKING Spit Poison.
  7140 | D:9      | 7140 ||| INVOKING Spit Poison.
  7147 | D:9      | 7147 ||| INVOKING Spit Poison.
  7302 | D:9      | 7302 ||| INVOKING Spit Poison.
  7306 | D:9      | 7306 ||| INVOKING Spit Poison.
  7366 | D:9      | Noticed a catoblepas
  7367 | D:9      | 7367 ||| INVOKING Heroism.
  7368 | D:9      | 7368 ||| INVOKING Spit Poison.
  7372 | D:9      | 7372 ||| Stepping ~*~*~tactically~*~*~ (cloud).
  7374 | D:9      | 7374 ||| Stepping ~*~*~tactically~*~*~ (cloud).
  7375 | D:9      | 7375 ||| INVOKING Spit Poison.
  7379 | D:9      | 7379 ||| Stepping ~*~*~tactically~*~*~ (cloud).
  7380 | D:9      | 7380 ||| Stepping ~*~*~tactically~*~*~ (cloud).
  7381 | D:9      | 7381 ||| INVOKING Spit Poison.
  7384 | D:9      | HP: 22/103 [catoblepas (24)]
  7385 | D:9      | 7385 ||| READING 2 scrolls of teleportation.
  7386 | D:9      | 7386 ||| INVOKING Spit Poison.
  7387 | D:9      | HP: 1/103 [catoblepas (18)]
  7388 | D:9      | Killed a catoblepas
  7390 | D:9      | 7390 ||| READING scroll of teleportation.
  7391 | D:9      | 7391 ||| INVOKING Spit Poison.
  7579 | D:9      | 7579 ||| INVOKING Spit Poison.
  7725 | D:9      | 7725 ||| INVOKING Spit Poison.
  7728 | D:9      | 7728 ||| Stepping ~*~*~tactically~*~*~ (outnumbered).
  7730 | D:9      | 7730 ||| INVOKING Heroism.
  7731 | D:9      | 7731 ||| INVOKING Spit Poison.
  7744 | D:9      | 7744 ||| INVOKING Spit Poison.
  7745 | D:9      | 7745 ||| Stepping ~*~*~tactically~*~*~ (outnumbered).
  7748 | D:9      | 7748 ||| INVOKING Spit Poison.
  7749 | D:9      | 7749 ||| Stepping ~*~*~tactically~*~*~ (outnumbered).
  7750 | D:9      | 7750 ||| Stepping ~*~*~tactically~*~*~ (outnumbered).
  7753 | D:9      | 7753 ||| INVOKING Spit Poison.
  7757 | D:9      | 7757 ||| INVOKING Heroism.
  7762 | D:9      | 7762 ||| INVOKING Spit Poison.
  7772 | D:9      | 7772 ||| INVOKING Spit Poison.
  7778 | D:9      | 7778 ||| INVOKING Spit Poison.
  7785 | D:9      | 7785 ||| INVOKING Spit Poison.
  7789 | D:9      | 7789 ||| INVOKING Spit Poison.
  7793 | D:9      | 7793 ||| INVOKING Spit Poison.
  7801 | D:9      | 7801 ||| INVOKING Spit Poison.
  7820 | D:9      | Found a staircase to the Orcish Mines.
  7830 | D:9      | 7830 ||| READING scroll labelled MIMEODOOKAQ.
  7831 | D:9      | 7831 ||| READING scroll labelled UDIASA ER CAAST.
  7908 | D:10     | Entered Level 10 of the Dungeon
  7919 | D:10     | 7919 ||| INVOKING Spit Poison.
  7926 | D:10     | 7926 ||| INVOKING Spit Poison.
  7930 | D:10     | Reached **** piety under Okawaru
  8069 | D:10     | 8069 ||| DRINKING 5 potions of curing.
  8069 | D:10     | 8069 ||| (to cure confusion)
  8075 | D:10     | Reached skill level 13 in Ranged Weapons
  8075 | D:10     | 8075 ||| INVOKING Heroism.
  8120 | D:10     | 8120 ||| INVOKING Spit Poison.
  8133 | D:10     | 8133 ||| INVOKING Spit Poison.
  8142 | D:10     | 8142 ||| INVOKING Spit Poison.
  8147 | D:10     | 8147 ||| INVOKING Spit Poison.
  8172 | D:10     | Noticed a wizard
  8175 | D:10     | 8175 ||| INVOKING Spit Poison.
  8181 | D:10     | Killed a wizard
  8316 | D:10     | 8316 ||| INVOKING Spit Poison.
  8373 | D:10     | Found a broken altar of Ashenzari.
  8646 | D:10     | Noticed a two-headed ogre
  8647 | D:10     | 8647 ||| INVOKING Heroism.
  8648 | D:10     | 8648 ||| INVOKING Spit Poison.
  8652 | D:10     | 8652 ||| INVOKING Spit Poison.
  8653 | D:10     | Killed a two-headed ogre
  8653 | D:10     | Received a gift from Okawaru
  8654 | D:10     | Reached skill level 9 in Fighting
  8728 | D:10     | 8728 ||| UPGRADING to ring of positive energy.
  8797 | D:11     | 8797 ||| INVOKING Spit Poison.
  8802 | D:11     | 8802 ||| INVOKING Spit Poison.
  8804 | D:11     | Noticed a cyclops
  8805 | D:11     | 8805 ||| INVOKING Heroism.
  8805 | D:11     | Noticed a skeletal warrior
  8805 | D:11     | Noticed a skeletal warrior
  8811 | D:11     | 8811 ||| INVOKING Spit Poison.
  8815 | D:11     | 8815 ||| INVOKING Spit Poison.
  8815 | D:11     | HP: 26/106 [skeletal warrior/+0 trident (22)]
  8817 | D:11     | HP: 11/106 [elephant (6)]
  8818 | D:11     | HP: 5/106 [elephant (6)]
  8820 | D:11     | Slain by a skeletal warrior

Levels and vault maps discovered:
D:1:      elethiomel_arrival_quiet, layout_rooms, serial_shops,
          nicolae_shop_trees, st_stairs_10
D:2:      layout_rooms, basic_altar, uniq_crazy_yiuf_cottage, uniq_sigmund
D:3:      layout_basic, nicolae_overflow_hidden_temple,
          nzn_wu_jian_council_hall, serial_forest,
          infiniplex_forest_lined_corner, infiniplex_forest_straight_2,
          infiniplex_forest_lined_ring, infiniplex_forest_corner_1,
          infiniplex_forest_clump_diagonal, infiniplex_forest_end_2,
          infiniplex_forest_clump_small, infiniplex_forest_corner_1,
          minmay_between
D:4:      layout_gridville, trog_ov_bears_minmay,
          mainiacjoe_overflow_six_doors_small, nicolae_elyvilon_temple_path,
          kennysheep_small_square, uniq_natasha, uniq_menkaure
D:5:      nicolae_cairo_tiling_large_dashed, layout_loops_ring, serial_shops,
          nicolae_shop_peninsula, nicolae_shop_back_alley_shop, shop,
          nicolae_diamond_shop, shop, ebering_ghost_disaster_area
D:6:      layout_gridville, lemuel_tele_altar, minmay_ruffians, uniq_edmund
D:7:      layout_loops_ring, minmay_temple_entry_mist, serial_shops, shop
D:8:      layout_cave_pods, nicolae_dithmenos_the_darkroom, fungi_pond_lemuel,
          grunt_ministairs_12, uniq_joseph, uniq_gastronok
D:9:      layout_roguey, david_orc_4, special_room [special_room_kobold]
D:10:     cheibrodos_wizards_tower, layout_basic, old_standard_altar
D:11:     layout_rooms, david_lair_generic, biasface_ghost_orc_armoury
Temple:   nicolae_temple_ecumenical_triangle

Skill      XL: |  1  2  3  4  5  6  7  8  9 10 11 |
---------------+----------------------------------+-----
Ranged Weapons | 4 5 6 7 9 10 11 13 | 13.0
Fighting       | 4 6 7 8 9 |  9.0
Dodging        | 2 3 5 |  5.3
Armour         | 1 2 3 |  3.1
Invocations    | 4 5 |  5.8
Stealth        | |  1.5

Action                     |  1- 3 |  4- 6 |  7- 9 | 10-12 || total
---------------------------+-------+-------+-------+-------++-------
   Fire: Shortbow          |    78 |       |       |       ||    78
         Sling             |     1 |    35 |   206 |    35 ||   277
         Orcbow            |       |       |       |   388 ||   388
 Invoke: Heroism           |       |       |       |    11 ||    11
Ability: Spit Poison       |    30 |     9 |    52 |    81 ||   172
    Use: Scroll            |     3 |     2 |    10 |     7 ||    22
         Potion            |       |       |     2 |     2 ||     4
 Armour: Leather armour    |    10 |       |       |       ||    10
         Robe              |       |       |    31 |   201 ||   232
  Dodge: Dodged            |    15 |     3 |    47 |   194 ||   259

Table legend:
 A = Non-vault XP
 B = Vault XP
 C = Vault XP percentage of total XP
 D = Non-vault monster count
 E = Vault monster count
 F = Vault count percentage of total count
                 A         B        C        D         E       F
            +---------+---------+-------+---------+---------+-------
      Total |   10680 |    6530 |  37.9 |     180 |      59 |  24.7
            +---------+---------+-------+---------+---------+-------
        D:1 |      62 |       4 |   6.1 |      32 |       3 |   8.6
        D:2 |      37 |     231 |  86.2 |      16 |       1 |   5.9
        D:3 |     308 |      16 |   4.9 |      14 |       4 |  22.2
        D:4 |     168 |     517 |  75.5 |      25 |       6 |  19.4
        D:5 |     590 |       0 |   0.0 |      12 |       0 |   0.0
        D:6 |     627 |    1137 |  64.5 |      11 |       6 |  35.3
        D:7 |    1150 |       0 |   0.0 |      17 |       0 |   0.0
        D:8 |    1687 |    2022 |  54.5 |      13 |       3 |  18.8
        D:9 |    2744 |    1968 |  41.8 |      22 |      34 |  60.7
       D:10 |    3080 |     414 |  11.8 |      16 |       1 |   5.9
       D:11 |     227 |     221 |  49.3 |       2 |       1 |  33.3
            +---------+---------+-------+---------+---------+-------
